Unix NetHack Version 5.0.0-0 post-release - last build Jul 11 2026 15:18:16 (a5a7a23833b1ad5d30b1c6e96a93a978492a6348,branch:main).

Game began 2026-07-13 20:32:41, ended 2026-07-13 20:44:35.

Calendula, neutral female human Wizard

     --.--
     |....
     |...|
     |.i.&@#
     |.{.|
     |.(.|
     -----

Calendula the Conjurer    St:7 Dx:14 Co:16 In:18 Wi:10 Ch:12  Neutral
Dlvl:3  $:16 HP:0(25) Pw:1(16) AC:8  Xp:3 T:776 

Latest messages:
 The jackal bites!
 The jackal bites!
 You miss the jackal.
 The jackal bites!
 You feel a bit steadier now.
 You kill the jackal!
 You see here a scroll labeled VAS CORP BET MANI.
 z - a scroll labeled VAS CORP BET MANI.
 What do you want to read? [i-mz or ?*] z
 As you read the scroll, it disappears.
 You have found a scroll of stinking cloud!
 Where do you want to center the cloud?
 (For instructions type a '?')
 Move cursor to the desired position:
 The scroll crumbles with a whiff of rotten eggs.
 You descend the stairs.
 Wait!  There's a cave spider hiding under a tripe ration!
 The cave spider bites!
 In what direction? 6
 The spell misses the cave spider.
 The cave spider bites!
 You kill the cave spider!
 You see here a tripe ration.
 s - a tripe ration (2 in total).
 Drink from the fountain? [yn] (n) y
 You unleash a water demon!
 What do you want to read? [ijklm or ?*] i
 As you read the scroll, it disappears.
 Your hands begin to glow red.
 The water demon hits!
 The water demon hits!
 The water demon bites!
 You miss the water demon.
 The water demon hits!
 The water demon hits!
 The water demon bites!
 You miss the water demon.
 The water demon hits!
 The water demon hits!
 The water demon bites!
 You miss the water demon.
 The water demon hits!
 The water demon hits!
 The water demon bites!
 You die...
 Do you want your possessions identified? [ynq] (y) n
 Do you want to see your attributes? [ynq] (y) n
 Do you want an account of creatures vanquished? [ynaq] (y) n
 Do you want to see your conduct and achievements? [ynq] (y) n
 Do you want to see the dungeon overview? [ynq] (y) n

Inventory:
 Coins    ('$')
  $ - 16 gold pieces
 Weapons  (')')
  a - a blessed +2 quarterstaff (weapon in hands)
 Armor    ('[')
  b - an uncursed +0 cloak of magic resistance (being worn)
 Comestibles  ('%')
  s - 2 uncursed tripe rations
 Scrolls  ('?')
  k - an uncursed scroll of light
  j - 3 uncursed scrolls of remove curse
 Spellbooks  ('+')
  l - a blessed spellbook of force bolt
  m - an uncursed spellbook of magic missile
 Potions  ('!')
  y - an uncursed potion of gain energy
  g - an uncursed potion of paralysis
  h - an uncursed potion of restore ability
  f - an uncursed potion of see invisible
 Rings    ('=')
  d - an uncursed +1 ring of protection (on right hand)
  w - an uncursed ring of protection from shape changers
  e - an uncursed ring of slow digestion (on left hand)
  u - a cursed ring of stealth
 Wands    ('/')
  t - a wand of enlightenment (0:12)
  c - a wand of secret door detection (0:13)
 Tools    ('(')
  x - an uncursed bell
  o - an uncursed blindfold
  n - a magic marker (0:20)
 Gems/Stones  ('*')
  v - an uncursed worthless piece of black glass
  r - a cursed worthless piece of blue glass
  q - an uncursed worthless piece of violet glass

Calendula the Wizard's attributes:

Background:
 You were a Conjurer, a level 3 female human Wizard.
 You were neutral, on a mission for Thoth
 who was opposed by Ptah (lawful) and Anhur (chaotic).
 You were right-handed.
 You were in the Dungeons of Doom, on level 3.
 You entered the dungeon 776 turns ago.
 You had 53 experience points, 27 more were needed to attain level 4.

Basics:
 You had 0 out of 25 hit points.
 You had 1 out of 16 energy points (spell power).
 Your armor class was 8.
 Your wallet contained 16 zorkmids.
 Autopickup was off.

Final Characteristics:
 Your strength was 7 (limit:18/100).
 Your dexterity was 14 (limit:18).
 Your constitution was 16 (limit:18).
 Your intelligence was 18 (limit:18).
 Your wisdom was 10 (limit:18).
 Your charisma was 12 (limit:18).

Final Status:
 You weren't hungry.
 You were unencumbered.
 You were wielding a quarterstaff.
 You had basic skill with quarterstaff.

Final Attributes:
 You were fervently aligned.
 You were magic-protected.
 You would have confused monsters when hitting them.
 You had slower digestion.
 You had a small defense bonus (+1).
 You were guarded.
 You are dead.

Miscellaneous:
 You didn't encounter any bones levels.
 Total elapsed playing time was 11 minutes and 53 seconds.

Major events:
 Turn
    1: Calendula the neutral female human Wizard entered the dungeon
  713: attained the rank of Conjurer (level 3)
  776: killed by a water demon

Spells:
 Name                 Level Category     Fail Retention
 force bolt             1   attack         0%  91%-100%
 magic missile          2   attack         0%  91%-100%

Skills:
 Fighting Skills
   bare handed combat [Unskilled]
   riding             [Unskilled]
 Weapon Skills
   dagger             [Unskilled]
   knife              [Unskilled]
   axe                [Unskilled]
   short sword        [Unskilled]
   club               [Unskilled]
   mace               [Unskilled]
   quarterstaff       [Basic]
   polearms           [Unskilled]
   spear              [Unskilled]
   trident            [Unskilled]
   sling              [Unskilled]
   dart               [Unskilled]
   shuriken           [Unskilled]
 Spellcasting Skills
   attack spells      [Basic]
   healing spells     [Unskilled]
   divination spells  [Unskilled]
   enchantment spells [Basic]
   clerical spells    [Unskilled]
   escape spells      [Unskilled]
   matter spells      [Unskilled]

Voluntary challenges:
 Character rerolling was not enabled.
 You were an atheist.
 You never genocided any monsters.
 You never polymorphed an object.
 You never changed form.
 You used no wishes.
Achievement:
 You attained the rank of Conjurer.

 The Dungeons of Doom: levels 1 to 3
    Level 1:
    Level 2:
       A grave.
    Level 3: <- You were here.
       A fountain.
       Final resting place for
          you, killed by a water demon.


Vanquished creatures:
  a kitten
 an acid blob
  2 giant rats
  a cave spider
  a red mold
  a jackal
  a fox
  2 kobolds
  a goblin
  2 sewer rats
  a bat
  a lichen
  4 newts
19 creatures vanquished.

No species were genocided or became extinct.

Game over:
                       ----------
                      /          \
                     /    REST    \
                    /      IN      \
                   /     PEACE      \
                  /                  \
                  |    Calendula     |
                  |      16 Au       |
                  |   killed by a    |
                  |   water demon    |
                  |                  |
                  |                  |
                  |       2026       |
                 *|     *  *  *      | *
        _________)/\\_//(\/(/\)/\//\/|_)_______

Goodbye Calendula the Wizard...

You died in The Dungeons of Doom on dungeon level 3 with 337 points,
and 16 pieces of gold, after 776 moves.
You were level 3 with a maximum of 25 hit points when you died.

